 Seeded DCSS version 0.29.1-15-g9cfb28693d (webtiles) character file.

Game seed: 13153279757065922515 (custom seed)

72 Psyclone the Gusty (level 4, 0/24 HPs)
             Began as a Deep Elf Air Elementalist on Sept 23, 2023.
             Succumbed to an adder's poison
             ... on level 2 of the Dungeon.
             The game lasted 00:04:29 (1588 turns).

Psyclone the Gusty (Deep Elf Air Elementalist)      Turns: 1588, Time: 00:04:30

Health: 0/24       AC:  2    Str:  9    XL:     4   Next: 7%
Magic:  2/10       EV: 12    Int: 21    God:
Gold:   37         SH:  0    Dex: 14    Spells: 6/9 levels left

rFire   . . .      SeeInvis .   (no weapon)
rCold   . . .      Faith    .   (no shield)
rNeg    . . .      Spirit   .   a - +0 robe
rPois   .          Reflect  .   (no helmet)
rElec   .          Harm     .   (no cloak)
rCorr   .          Rampage  .   (no gloves)
Will    .....      Clarity  +   (no boots)
Stlth   ++........              (no amulet)
HPRegen 0.08/turn               (no ring)
MPRegen 0.12/turn               (no ring)

@: lethally poisoned (0 -> -5)
A: clarity, strong 1, evolution 1
a: no special abilities


You were on level 2 of the Dungeon.
You visited 1 branch of the dungeon, and saw 2 of its levels.

You collected 37 gold pieces.

Inventory:

Missiles
 i - a throwing net {!f}
Armour
 a - a +0 robe (worn)
Scrolls
 d - a scroll of vulnerability {unknown}
 e - 2 scrolls of identify {unknown}
 h - a scroll of amnesia {unknown}
Potions
 b - 2 potions of magic
 c - 2 potions of invisibility {unknown}
 g - a potion of haste {unknown}


   Skills:
 - Level 2.4 Dodging
 - Level 2.4 Stealth
 - Level 3.0 Spellcasting
 - Level 1.1 Conjurations
 + Level 5.0 Air Magic


You had 6 spell levels left.
You knew the following spells:

 Your Spells              Type           Power      Damage    Failure   Level
a - Shock                 Conj/Air       64%        1d7       3%          1
b - Static Discharge      Conj/Air       16%        3-5/arc   6%          2

Your spell library contained the following spells:

 Spells                   Type           Power      Damage    Failure   Level
 Swiftness                Air            24%        N/A       4%          3
 Summon Small Mammal      Summ           12%        N/A       13%         1
 Airstrike                Air            12%        2d(2-18)  17%         4
 Call Canine Familiar     Summ           3%         N/A       36%         3
 Summon Guardian Golem    Hex/Summ       3%         N/A       36%         3


Dungeon Overview and Level Annotations

Branches:
Dungeon (2/15) Zot: 10412

Altars:
Qazlal

Shops:
D:2 (


Innate Abilities, Weirdness & Mutations

You possess an exceptional clarity of mind.
Your muscles are strong. (Str +4, Int/Dex -1)
You have hidden genetic potential.


Message History

You take 3 damage, and have 6/19 hp.
You now have 4/9 mp.
Casting: Shock (safe; 4% risk of failure)
Confirm with . or Enter, or press ? or * to list all spells.
Aiming: Shock (safe; 4% risk of failure)
Press: ? - help, Shift-Dir - straight line, f - adder
Aim: an adder (severely wounded, 53% to hit)
The zap misses the adder.
The zap hits the hobgoblin.
You kill the hobgoblin!
* * * LOW HITPOINT WARNING * * *
You feel sick. The adder bites you.
* * * LOW HITPOINT WARNING * * *
The adder barely misses you.
You take 2 damage, and have 4/19 hp.
You now have 3/9 mp.
Casting: Shock (safe; 3% risk of failure)
Confirm with . or Enter, or press ? or * to list all spells.
Aiming: Shock (safe; 3% risk of failure)
Press: ? - help, Shift-Dir - straight line, f/p - adder
Aim: an adder (severely wounded, 53% to hit)
The zap hits the adder.
The adder is almost dead.
* * * LOW HITPOINT WARNING * * *
You feel sick. The adder closely misses you.
You take 2 damage, and have 2/19 hp.
Okay, then.
Casting: Shock (safe; 3% risk of failure)
Confirm with . or Enter, or press ? or * to list all spells.
Aiming: Shock (safe; 3% risk of failure)
Press: ? - help, Shift-Dir - straight line, f/p - adder
Aim: an adder (almost dead, 53% to hit)
The zap hits the adder.
You kill the adder!
* * * LOW HITPOINT WARNING * * *
You feel sick.
Your Air Magic skill increases to level 5!
You have reached level 4!
You feel clever.
You take 1 damage, and have 1/24 hp.
You now have 2/10 mp.
It was a potion of mutation.
You feel extremely strange.
You feel stronger.
Your thoughts seem clearer.
You feel a hidden potential growing inside you.
You die...

######## #############
#??#...# #.....†......
[..).+ +....##..#...
#.?.# #.##.....#.#.
#####†######.....##...#.
#.....†@................
#####.####....#########.
#......#### ### ######.#
#.# #.# #. #.# #.# ...
#.#. ### #.#.# .#.#.


There were no monsters in sight!

Vanquished Creatures
  A gnoll (D:1)
  2 adders (D:2)
  A dart slug (D:2)
  5 endoplasms
  2 giant cockroaches
  5 goblins
  5 hobgoblins
  4 jackals (D:1)
  2 kobolds (D:1)
  A quokka (D:2)
  3 ball pythons (D:1)
  A bat (D:1)
  2 frilled lizards (D:1)
  5 rats
39 creatures vanquished.

Notes
Turn   | Place    | Note
-------+----------+-------------------------------------------
     0 | D:1      | Psyclone the Deep Elf Air Elementalist began the quest for
                  | the Orb.
     0 | D:1      | Reached XP level 1. HP: 10/10 MP: 6/6
   221 | D:1      | Found a faded altar of an unknown god.
   234 | D:1      | Reached XP level 2. HP: 15/15 MP: 0/8
   526 | D:1      | Reached skill level 4 in Air Magic
   615 | D:1      | Reached XP level 3. HP: 12/19 MP: 3/9
  1255 | D:2      | Learned a level 2 spell: Static Discharge
  1255 | D:2      | Found Aliloud's Weapon Emporium.
  1282 | D:2      | Found a stormy altar of Qazlal.
  1588 | D:2      | Reached skill level 5 in Air Magic
  1588 | D:2      | Reached XP level 4. HP: 1/24 MP: 2/10
  1588 | D:2      | Gained mutation: Your muscles are strong. (Str +4, Int/Dex
                  | -1) [potion of mutation]
  1588 | D:2      | Gained mutation: You possess an exceptional clarity of
                  | mind. [potion of mutation]
  1588 | D:2      | Gained mutation: You have hidden genetic potential. [potion
                  | of mutation]
  1588 | D:2      | Succumbed to an adder's poison

Illustrated notes

Levels and vault maps discovered:
D:1:      amcnicky_arrival_gap_in_the_tavern_cellar, layout_loops_ring,
          hellmonk_ecumenical_altar_crossroads
D:2:      minmay_thinvault, layout_loops_ring, serial_shops,
          nicolae_shop_bloodbath_and_beyond, basic_altar, minivault_14,
          minivault_23

Skill      XL: |  1  2  3 |
---------------+----------+-----
Air Magic      | 4 5 |  5.0
Dodging        | |  2.4
Stealth        | |  2.4
Spellcasting   | |  3.0
Conjurations   | |  1.1

Action                   |  1- 3 |  4- 6 || total
-------------------------+-------+-------++-------
Melee: Unarmed           |     2 |       ||     2
 Cast: Shock             |    77 |       ||    77
  Use: Potion            |       |     1 ||     1
Armor: Robe              |     4 |       ||     4
Dodge: Dodged            |    27 |       ||    27
